 Dungeon Crawl Stone Soup version 0.29.0-10-g45618ea6d2 (webtiles) character file.

Game seed: 4119489765081785727

3907 sanka the Grappler (level 10, 0/88 HPs)
             Began as a Troll Monk on Sept 1, 2022.
             Was a High Priest of Okawaru.
             Slain by a five-headed hydra (5 damage)
             ... on level 7 of the Dungeon.
             The game lasted 00:09:57 (5402 turns).

sanka the Grappler (Troll Monk)                     Turns: 5402, Time: 00:10:00

Health: 0/88       AC:  4    Str: 25    XL:     10   Next: 0%
Magic:  12/12      EV: 10    Int:  6    God:    Okawaru [*****.]
Gold:   88         SH:  0    Dex: 12    Spells: 9/9 levels left

rFire   . . .      SeeInvis +     - Unarmed
rCold   . . .      Faith    +   (no shield)
rNeg    . . .      Spirit   .   a - +0 robe
rPois   .          Reflect  .   (helmet restricted)
rElec   .          Harm     .   (no cloak)
rCorr   .          Rampage  .   (gloves unavailable)
Will    .....                   (boots unavailable)
Stlth   ++........              p - amulet of faith
HPRegen 1.04/turn               (no ring)
MPRegen 0.13/turn               s - ring of see invisible

@: about to teleport
A: large, unfitting armour, claws 3, regeneration 1, shaggy fur 1, tough skin 1
a: Renounce Religion, Heroism, Finesse, Duel


You were on level 7 of the Dungeon.
You worshipped Okawaru.
Okawaru was extremely pleased with you.
You visited 2 branches of the dungeon, and saw 8 of its levels.

You collected 296 gold pieces.
You spent 208 gold pieces at shops.


Innate Abilities, Weirdness & Mutations

You are too large for most types of armour.
You have claws for hands.
Your natural rate of healing is unusually fast.
You are covered in fur. (AC +1)
You have tough skin. (AC +1)


   Skills:
 + Level 2.4 Fighting
 + Level 2.4 Dodging
 - Level 1.0 Stealth
 + Level 13.8 Unarmed Combat
 + Level 4.0 Invocations


You had 9 spell levels left.
You didn't know any spells.
Your spell library contained the following spells:

 Spells                   Type           Power      Damage    Failure   Level
 Foxfire                  Conj/Fire      0%         2x1d4     45%         1
 Magic Dart               Conj           0%         1d3       45%         1
 Shock                    Conj/Air       0%         1d3       45%         1
 Ensorcelled Hibernation  Hex/Ice        0%         N/A       58%         2
 Passwall                 Tmut/Erth      0%         N/A       58%         2
 Conjure Flame            Conj/Fire      0%         6-21      83%         3
 Dazzling Flash           Conj/Hex       0%         N/A       83%         3
 Inner Flame              Hex/Fire       0%         N/A       83%         3
 Mephitic Cloud           Conj/Pois/Air  0%         N/A       83%         3
 Swiftness                Air            0%         N/A       83%         3
 Airstrike                Air            0%         2d(0-16)  99%         4
 Flame Wave               Conj/Fire      0%         2d4       99%         4
 Agony                    Necr           0%         N/A       100%        5
 Silence                  Hex/Air        0%         N/A       100%        5
 Call Imp                 Summ           Unusable   N/A       N/A         2

Inventory:

Hand Weapons
 b - a +1 war axe of flaming
 w - the +6 dagger "Sakhaido" {spect, rElec Str+4} When its wielder attacks, the weapon's spirit leaps out and strikes again. The spirit shares a part of any damage it takes with its wielder. Str: It affects your strength (+4). rElec: It insulates you from electricity.
Missiles
 e - a curare-tipped dart {=f}
Armour
 a - a +0 robe (worn)
 C - a +2 cloak
 G - a +1 hat
Jewellery
 p - an amulet of faith (around neck)
 r - an amulet of regeneration
 s - a ring of see invisible (right claw)
Wands
 u - a wand of roots (7)
 H - a wand of flame (38)
Scrolls
 c - 2 scrolls of blinking {unknown}
 f - a scroll of silence {unknown}
 h - 4 scrolls of vulnerability {!r}
 i - 4 scrolls of magic mapping
 j - 2 scrolls of immolation {!r}
 k - 2 scrolls of poison {!r}
 l - 6 scrolls of teleportation {@r4}
 n - a scroll of brand weapon {unknown}
 o - 4 scrolls of noise {!r}
 q - a scroll of enchant armour
 y - a scroll of enchant weapon {unknown}
 D - a scroll of butterflies {unknown}
Potions
 d - a potion of lignification {unknown}
 g - 10 potions of curing {unknown}
 m - 3 potions of might {unknown}
 t - a potion of brilliance {unknown}
 v - a potion of heal wounds {unknown}
 x - a potion of magic {unknown}
 z - a potion of berserk rage {unknown}
 A - 2 potions of attraction {unknown}
 B - 2 potions of flight {unknown}
 E - 2 potions of mutation {unknown}
 F - 2 potions of degeneration {unknown}
 I - 2 potions of ambrosia

Dungeon Overview and Level Annotations

Branches:
Dungeon (7/15)             Temple (1/1) D:5

Altars:
Ashenzari
Cheibriados
Dithmenos
Elyvilon
Gozag
Kikubaaqudgha
Makhleb
Nemelex Xobeh
Okawaru
Qazlal
Ru
Uskayaw
Vehumet
Wu Jian
Xom
Yredelemnul
The Shining One

Shops:
D:2 (([* D:3

* ▒.▒
.......▒▒.................
..▒
...................▒......
....... ▒...<[.....▒▒.▒▒<.
....... ▒...£.............
.......▒▒...........▒▒▒...
...................▒▒▒..[.
.................▒......▒▒
....▒.o▒...[........▒▒▒▒
...▒▒..▒T.........▒▒▒
▒..oD..▒......▒▒▒▒
▒....▒▒▒.............
.............)...▒▒▒▒▒▒
.▒..▒▒▒▒▒........▒ ....
▒.........▒ ...
..........▒ .. .....▒▒▒...
..... .....


You could see a five-headed hydra and an orc.


Message History

Unknown command.
Unknown command.
The orc attacks as you move away! The orc barely misses you.
The orc attacks as you move away! The orc hits you but does no damage.
The five-headed hydra attacks as you move away!
The five-headed hydra closely misses you.
The five-headed hydra closely misses you.
The five-headed hydra bites you but does no damage.
The five-headed hydra barely misses you.
The five-headed hydra bites you!
As you read the scroll of teleportation {@r4}, it crumbles to dust.
You feel strangely unstable. The five-headed hydra bites you!
The five-headed hydra bites you but does no damage.
The five-headed hydra closely misses you.
The five-headed hydra bites you. The five-headed hydra bites you!
* * * LOW HITPOINT WARNING * * *
Unknown command.
The five-headed hydra attacks as you move away!
The five-headed hydra bites you!
* * * LOW HITPOINT WARNING * * *
The five-headed hydra bites you.
* * * LOW HITPOINT WARNING * * *
The five-headed hydra bites you!
* * * LOW HITPOINT WARNING * * *
The five-headed hydra bites you.
You die...

Action                   |  1- 3 |  4- 6 |  7- 9 | 10-12 || total
-------------------------+-------+-------+-------+-------++-------
Melee: Unarmed           |    72 |   107 |   174 |    11 ||   364
       Punch             |     2 |     3 |    16 |     1 ||    22
Invok: Heroism           |       |       |     8 |       ||     8
  Use: Scroll            |       |       |     6 |     1 ||     7
 Stab: Sleeping          |     3 |     1 |     2 |       ||     6
Armor: Robe              |    24 |    21 |    38 |     6 ||    89
Dodge: Dodged            |    44 |    46 |    82 |    10 ||   182

Levels and vault maps discovered:
D:1:      grunt_arrival_crossed_arrows, layout_basic
D:2:      layout_loops_cross, serial_shops, nicolae_shop_trees,
          nicolae_shop_trees, shop, nicolae_shop_hallway_plus, minivault_5
D:3:      layout_basic, gammafunk_ghost_split, serial_shops, nicolae_shop_stone
D:4:      layout_rooms
D:5:      layout_layer_cave, minmay_temple_entry_ruins, minmay_misc_feat_tower,
          patterned_corridor, uniq_ijyb, uniq_pikel
D:6:      layout_basic, ebering_ghost_disaster_area, uniq_blork_the_orc,
          uniq_edmund, uniq_duvessa
D:7:      layout_rooms
Temple:   minmay_crystal_spiral_temple

Notes
Turn   | Place    | Note
-------+----------+-------------------------------------------
     0 | D:1      | sanka the Troll Monk began the quest for the Orb.
     0 | D:1      | Reached XP level 1. HP: 22/22 MP: 0/0
    34 | D:1      | Reached XP level 2. HP: 29/29 MP: 1/1
   211 | D:1      | Reached skill level 4 in Unarmed Combat
   408 | D:1      | Reached XP level 3. HP: 36/36 MP: 2/2
   648 | D:2      | Found Deja Ylo's Antique Weapon Emporium.
   834 | D:2      | Found Vepn's Antique Weapon Shoppe.
   860 | D:2      | Found Noeluptu's Armour Shoppe.
   923 | D:2      | Found Koviup's Assorted Antiques.
  1015 | D:2      | Identified the +1 ring mail "Rowe" {Str+4 Int+3}
  1337 | D:3      | Reached XP level 4. HP: 42/44 MP: 3/3
  1371 | D:3      | Reached skill level 5 in Unarmed Combat
  1501 | D:3      | Found Guyfats's General Store.
  1505 | D:3      | Bought a scroll of enchant armour for 75 gold pieces
  1581 | D:3      | Found a runed translucent gate.
  1581 | D:3      | Found a runed translucent gate.
  1582 | D:3      | Found a runed translucent gate.
  1582 | D:3      | Noticed diceflayer's ghost (amateur DsFi)
  1808 | D:3      | Reached XP level 5. HP: 32/50 MP: 4/4
  2024 | D:3      | Reached skill level 6 in Unarmed Combat
  2089 | D:4      | Reached XP level 6. HP: 35/59 MP: 5/5
  2137 | D:4      | Identified the +6 dagger "Sakhaido" {spect, rElec Str+4}
  2184 | D:4      | Reached skill level 7 in Unarmed Combat
  2330 | D:4      | Reached skill level 8 in Unarmed Combat
  2330 | D:4      | Reached XP level 7. HP: 12/66 MP: 6/6
  2601 | D:5      | Entered Level 5 of the Dungeon
  2758 | D:5      | Reached skill level 9 in Unarmed Combat
  2793 | D:5      | Found a staircase to the Ecumenical Temple.
  2810 | Temple   | Entered the Ecumenical Temple
  3014 | Temple   | Became a worshipper of Warmaster Okawaru
  3014 | Temple   | Reached * piety under Okawaru
  3014 | Temple   | Reached ** piety under Okawaru
  3118 | D:5      | Noticed Ijyb
  3128 | D:5      | Killed Ijyb
  3132 | D:5      | Reached skill level 1 in Invocations
  3180 | D:5      | Noticed Pikel
  3193 | D:5      | Killed Pikel
  3193 | D:5      | Reached *** piety under Okawaru
  3194 | D:5      | Reached skill level 10 in Unarmed Combat
  3194 | D:5      | Reached skill level 3 in Invocations
  3194 | D:5      | Reached XP level 8. HP: 66/74 MP: 7/9
  3886 | D:6      | Reached skill level 4 in Invocations
  3932 | D:6      | Reached **** piety under Okawaru
  4041 | D:6      | Reached skill level 11 in Unarmed Combat
  4150 | D:6      | Noticed Dowan
  4150 | D:6      | Noticed Duvessa
  4160 | D:6      | Killed Duvessa
  4161 | D:6      | Reached XP level 9. HP: 71/80 MP: 8/11
  4163 | D:6      | Killed Dowan
  4184 | D:6      | Noticed Blork the orc
  4189 | D:6      | Noticed Edmund
  4194 | D:6      | Killed Blork the orc
  4199 | D:6      | Killed Edmund
  4295 | D:6      | Found a large runed translucent door.
  4296 | D:6      | Found a large runed translucent door.
  4299 | D:6      | Noticed nmsoi's ghost (novice DjFE)
  4469 | D:6      | Killed nmsoi's ghost
  4469 | D:6      | Reached ***** piety under Okawaru
  4470 | D:6      | Reached skill level 12 in Unarmed Combat
  4592 | D:3      | Killed diceflayer's ghost
  4744 | D:7      | Noticed a five-headed hydra
  4750 | D:7      | Noticed a two-headed ogre
  5043 | D:7      | Received a gift from Okawaru
  5044 | D:7      | Reached skill level 13 in Unarmed Combat
  5073 | D:7      | Killed a two-headed ogre
  5074 | D:7      | Reached XP level 10. HP: 39/88 MP: 9/12
  5318 | D:3      | Bought a +1 war axe of flaming for 133 gold pieces
  5402 | D:7      | HP: 5/88 [five-headed hydra (12)]
  5402 | D:7      | Slain by a five-headed hydra

Vanquished Creatures
  A two-headed ogre (D:7)
  Pikel (D:5)
  The ghost of nmsoi the Magician, a novice DjFE (D:6)
  Edmund (D:6)
  2 water moccasins
  Duvessa (D:6)
  2 sky beasts
  4 ogres
  The ghost of diceflayer the Chopper, an amateur DsFi (D:3)
  A centaur (D:5)
  A kobold brigand (D:7)
  Blork the orc (D:6)
  2 bullfrogs
  A scorpion (D:4)
  4 wights (D:7)
  Dowan (D:6)
  2 howler monkeys (D:6)
  2 jellies
  6 orc priests
  Ijyb (D:5)
  5 iguanas
  5 orc wizards
  6 adders
  2 white imps
  3 ufetubi
  2 worms
  5 dart slugs
  32 orcs
  5 endoplasms
  5 giant cockroaches
  3 goblins
  7 hobgoblins
  4 jackals (D:1)
  9 quokkas
  5 ball pythons
  4 bats
  4 frilled lizards
  5 kobolds
  5 rats
152 creatures vanquished.
